 Dungeon Crawl Stone Soup version 0.17.1-3-g152610e (webtiles) character file.

1727 Gargoyl the Covered (level 8, 0/64 HPs)
             Began as a Demonspawn Abyssal Knight on Mar 9, 2016.
             Was an Elder of Lugonu.
             Hit by a tomahawk thrown by an orc warrior (8 damage)
             ... on level 6 of the Dungeon.
             The game lasted 00:08:51 (4669 turns).

Gargoyl the Covered (Demonspawn Abyssal Knight)     Turns: 4669, Time: 00:08:51

Health: 0/64       AC: 15    Str: 10    XL:     8   Next: 75%
Magic:  0/11       EV:  5    Int: 14    God:    Lugonu [****..]
Gold:   258        SH:  0    Dex: 13    Spells: 0 memorised, 7 levels left

rFire  . . .     SeeInvis .     o - +0 war axe
rCold  . . .     Clarity  .     m - +0 chain mail
rNeg   . . .     SustAt   .     (no shield)
rPois  .         Gourm    .     (helmet restricted)
rElec  .         Spirit   +     t - +1 cloak
rCorr  .         Warding  .     (no gloves)
rMut   .         Stasis   .     (no boots)
MR     .....                    s - amulet of faith
Stlth  ..........               (no ring)
                                z - +4 ring of slaying

@: very slightly contaminated, hasted, very quick, not resistant to hostile
enchantments, extremely unstealthy
A: antennae 2, talons 1, icy blue scales 2, high mp 1, spiny 1, spit poison 1,
weak 2, magic shield
a: Spit Poison, Depart the Abyss, Bend Space, Banish, Corrupt, Renounce Religion


You were on level 6 of the Dungeon.
You worshipped Lugonu.
Lugonu was greatly pleased with you.
You were hungry.

You visited 1 branch of the dungeon, and saw 6 of its levels.
You visited the Abyss 1 time.

You collected 258 gold pieces.

Inventory:

Hand Weapons
 o - a +0 war axe (weapon)
Armour
 m - a +0 chain mail (worn)
 t - a +1 cloak (worn)
Jewellery
 s - an amulet of faith (around neck)
 z - a +4 ring of slaying (left hand)
Wands
 f - a wand of confusion (34)
 k - a wand of random effects (5)
 A - a wand of disintegration (10)
Scrolls
 a - 2 scrolls of teleportation {unknown}
 b - a scroll of enchant armour {unknown}
 e - 5 scrolls of identify {unknown}
 g - 2 scrolls of random uselessness {unknown}
 l - a scroll of recharging {unknown}
 n - 2 scrolls of amnesia {unknown}
 p - 3 scrolls of remove curse {unknown}
 u - 2 scrolls of fog {unknown}
 v - 2 scrolls of enchant weapon {unknown}
 y - a scroll of blinking {unknown}
Comestibles
 c - a bread ration
 i - a beef jerky
 j - 2 meat rations
 w - a slice of pizza
 B - 3 fruits


   Skills:
 + Level 5.8 Fighting
 + Level 5.3 Axes
 + Level 6.2 Armour
 + Level 3.9 Dodging
 + Level 1.6 Stealth
 + Level 3.7 Invocations


You had 7 spell levels left.
You didn't know any spells.

Dungeon Overview and Level Annotations

Branches:
Dungeon (6/15)             Temple (0/1) D:6

Altars:
Ashenzari
Cheibriados
Elyvilon
Fedhas
Gozag
Okawaru
Qazlal
Yredelemnul
Zin
The Shining One

Annotations:
D:4 Pikel


Innate Abilities, Weirdness & Mutations

You have a pair of antennae on your head.
You are mostly covered in icy blue scales (AC +3, EV -1).
You are partially covered in sharp spines.
When hurt, damage is shared between your health and your magic reserves.
You have sharp toenails.
You have an increased reservoir of magic (+10% MP).
You can spit weak poison.
You are very weak. (Str -4)


Message History

The orc warrior is heavily wounded.
The orc wizard gestures wildly while chanting.
The orc wizard blinks!
The orc warrior hits you with a morningstar!
* * * LOW HITPOINT WARNING * * *
The orc warrior throws a tomahawk.
The tomahawk hits you but does no damage.
You see here a tomahawk.
The orc warrior throws a tomahawk.
The tomahawk barely misses you.
The orc warrior throws a tomahawk.
The tomahawk hits you but does no damage.
You see here a tomahawk.
Drink which item? (? for menu, Esc to quit)
You feel better.
Drink which item? (? for menu, Esc to quit)
You feel yourself speed up.
The orc warrior throws a tomahawk.
The tomahawk hits you but does no damage.
You are very lightly contaminated with residual magic.
The orc warrior throws a tomahawk.
The tomahawk hits you!
You die...

.........###.....###.####.#...###
#.......## #.#.#.# #.# #.##.##
##.....## #.###o# #.# #.####
##...## #.###o###.# .# ##+##
#.........# .# #####.##### .# #(#
# #.# .. #@# .# #.# #.# ..# ###


You could see an orc warrior and an orc wizard.

Vanquished Creatures
  Eustachio (D:4)
  An ice beast (D:5)
  A water moccasin (D:5)
  A sky beast (D:5)
  4 slaves (D:4)
  3 phantoms (D:5)
  An ogre (D:4)
  2 centaurs (D:5)
  A scorpion (D:5)
  2 crimson imps (D:5)
  3 orc priests
  4 hounds
  A giant frog skeleton (D:4)
  3 orc wizards
  An iguana (D:6)
  Natasha (twice) (D:3)
  3 worker ants
  Robin (D:4)
  7 adders
  A shadow imp (D:3)
  An ooze (D:1)
  An adder zombie (D:5)
  An adder skeleton (D:5)
  2 worms
  10 orcs
  4 bats
  6 giant cockroaches
  10 hobgoblins
  11 jackals
  6 kobolds
  2 quokkas
  5 giant geckos
  2 giant gecko skeletons
  7 giant newts
  13 goblins
  A jackal skeleton (D:4)
  A jackal zombie (D:5)
  A quokka zombie (D:5)
  7 rats
  A spectral orc (D:2)
135 creatures vanquished.

Notes
Turn   | Place    | Note
--------------------------------------------------------------
     0 | Abyss:1  | Gargoyl the Demonspawn Abyssal Knight began the quest for the Orb.
     0 | Abyss:1  | Reached XP level 1. HP: 18/18 MP: 2/2
   104 | Abyss:1  | Noticed a small abomination
   112 | Abyss:1  | Noticed a large abomination
   120 | D:1      | Escaped the Abyss
   325 | D:1      | Gained mutation: You are partially covered in sharp spines. [demonic ancestry]
   325 | D:1      | Reached XP level 2. HP: 20/24 MP: 3/3
   325 | D:1      | Reached * piety under Lugonu
   471 | D:1      | Reached skill level 1 in Dodging
   655 | D:2      | Reached XP level 3. HP: 29/29 MP: 4/4
   988 | D:2      | Gained mutation: You have a pair of small antennae on your head. [demonic ancestry]
   988 | D:2      | Reached XP level 4. HP: 37/37 MP: 6/6
   988 | D:2      | Reached ** piety under Lugonu
  1035 | D:2      | Reached skill level 4 in Fighting
  1134 | D:2      | Found a basalt altar of Yredelemnul.
  1260 | D:3      | Found an iron altar of Okawaru.
  1303 | D:3      | Gained mutation: You are partially covered in icy blue scales (AC +1). [demonic ancestry]
  1303 | D:3      | Reached XP level 5. HP: 21/43 MP: 7/7
  1460 | D:3      | Noticed Natasha
  1465 | D:3      | Killed Natasha
  1730 | D:3      | Noticed Natasha
  1734 | D:3      | Killed Natasha
  1922 | D:4      | Noticed Eustachio
  1931 | D:4      | Reached *** piety under Lugonu
  1954 | D:4      | Killed Eustachio
  1954 | D:4      | Gained mutation: You have a pair of antennae on your head. [demonic ancestry]
  1954 | D:4      | Reached XP level 6. HP: 41/49 MP: 8/8
  2074 | D:4      | Gained mutation: You are weak. (Str -2) [potion of mutation]
  2074 | D:4      | Gained mutation: You are very weak. (Str -4) [potion of mutation]
  2074 | D:4      | Gained mutation: When hurt, damage is shared between your health and your magic reserves. [demonic ancestry]
  2074 | D:4      | Reached XP level 7. HP: 15/55 MP: 9/9
  2076 | D:4      | Reached skill level 1 in Stealth
  2360 | D:4      | Noticed an ogre
  2368 | D:4      | Killed an ogre
  2450 | D:4      | Noticed Robin
  2458 | D:4      | Killed Robin
  2465 | D:4      | Reached **** piety under Lugonu
  2487 | D:4      | Found a glowing golden altar of the Shining One.
  2488 | D:4      | Found a white marble altar of Elyvilon.
  2490 | D:4      | Found a glowing silver altar of Zin.
  2544 | D:4      | Noticed a slave
  2546 | D:4      | Noticed Pikel
  2648 | D:4      | Noticed a slave
  2652 | D:4      | Noticed a slave
  2658 | D:4      | Killed a slave
  2661 | D:4      | Killed a slave
  2665 | D:4      | Noticed a slave
  2675 | D:4      | Killed a slave
  2680 | D:4      | Killed a slave
  2955 | D:5      | Entered Level 5 of the Dungeon
  3228 | D:5      | Reached skill level 5 in Fighting
  3228 | D:5      | Reached skill level 5 in Armour
  3325 | D:5      | Gained mutation: You are mostly covered in icy blue scales (AC +3, EV -1). [demonic ancestry]
  3325 | D:5      | Reached XP level 8. HP: 62/62 MP: 10/10
  3358 | D:5      | Gained mutation: You have sharp toenails. [potion of mutation]
  3358 | D:5      | Gained mutation: You can spit weak poison. [potion of mutation]
  3358 | D:5      | Gained mutation: You have an increased reservoir of magic (+10% MP). [potion of mutation]
  3845 | D:5      | Reached skill level 6 in Armour
  3969 | D:5      | Reached skill level 5 in Axes
  4106 | D:6      | Found a blossoming altar of Fedhas.
  4110 | D:6      | Found a stormy altar of Qazlal.
  4115 | D:6      | Found an opulent altar of Gozag.
  4254 | D:6      | Found a snail-covered altar of Cheibriados.
  4258 | D:6      | Found a shattered altar of Ashenzari.
  4484 | D:6      | Found a staircase to the Ecumenical Temple.
  4661 | D:6      | HP: 2/64 [orc warrior/morningstar (12)]
  4669 | D:6      | Hit by a tomahawk thrown by an orc warrior

Action                   |  1- 3 |  4- 6 |  7- 9 || total
-------------------------+-------+-------+-------++-------
Melee: Hand axe          |    67 |    31 |       ||    98
       War axe           |       |    36 |   154 ||   190
Invok: Depart the Abyss  |     1 |       |       ||     1
  Use: Potion            |       |     1 |     9 ||    10
  Eat: Bread ration      |     1 |       |     1 ||     2
       Chunk             |       |       |     4 ||     4
